 Dungeon Crawl Stone Soup version 0.29-a0-187-ga23d9638d5 (webtiles) character file.

Game seed: 12907677603386520936

106016 dolemite99 the Destroyer (level 15, -24/112 HPs)
             Began as a Demonspawn Earth Elementalist on Feb 4, 2022.
             Was an Initiate of Gozag.
             Annihilated by a stone giant (32 damage)
             ... on level 15 of the Dungeon on Feb 21, 2022.
             The game lasted 01:11:09 (52948 turns).

dolemite99 the Destroyer (DsEE)                    Turns: 52948, Time: 01:11:10

Health: -24/112    AC: 19    Str: 12    XL:     15   Next: 96%
Magic:  16/26      EV: 12    Int: 27    God:    Gozag
Gold:   1779       SH:  4    Dex: 13    Spells: 0/29 levels left

rFire   + . .      SeeInvis .   b - +3 lajatang (vamp)
rCold   + . .      Faith    .   (shield currently unavailable)
rNeg    . . .      Spirit   .   d - +5 scale mail {rC+}
rPois   .          Reflect  .   (no helmet)
rElec   .          Harm     .   G - +2 cloak
rCorr   .          Rampage  .   c - +2 pair of gloves {hurl}
Will    +....                   (boots unavailable)
Stlth   ..........              Y - amulet of magic regeneration
HPRegen 0.28/turn               C - ring of protection from fire
MPRegen 0.60/turn               q - +6 ring of intelligence {=R}

@: no status effects
A: hooves 3, large bone plates 1, foul stench 2, spiny 2
a: Renounce Religion, Potion Petition, Call Merchant, Bribe Branch


You were on level 15 of the Dungeon.
You worshipped Gozag.
Gozag was most pleased with you.
You visited 3 branches of the dungeon, and saw 23 of its levels.
You also visited: Ice Cave.

You collected 8517 gold pieces.
You spent 1674 gold pieces at shops.
You paid 5064 gold pieces to Gozag.

Inventory:

Hand Weapons
 a - the +5 spear "Ukhlemag" {spect, Fly rElec Str+3}
   (You bought it in a shop on level 6 of the Dungeon)

   When its wielder attacks, the weapon's spirit leaps out and strikes again.
   The spirit shares a part of any damage it takes with its wielder.
   Str:       It affects your strength (+3).
   rElec:     It insulates you from electricity.
   Fly:       It grants you flight.
 b - a +3 vampiric lajatang (weapon)
Missiles
 l - 225 stones
 n - 32 poisoned darts
 r - 11 javelins
 E - 18 boomerangs (quivered)
 F - a throwing net
 Q - 6 curare-tipped darts
 S - 5 silver javelins
Armour
 c - a +2 pair of gloves of hurling (worn)
 d - a +5 scale mail of cold resistance (worn)
 G - a +2 cloak (worn)
Magical Staves
 g - a staff of fire
 H - a staff of cold
 O - a staff of poison
Jewellery
 q - a +6 ring of intelligence (right hand) {=R}
 s - a ring of protection from fire
 t - a ring of willpower
 v - a +4 ring of evasion
 z - a ring of resist corrosion
 C - a ring of protection from fire (left hand)
 J - a ring of protection from fire
 T - an amulet of reflection
 X - a ring of see invisible
 Y - an amulet of magic regeneration (around neck)
Wands
 h - a wand of paralysis (6)
 o - a wand of digging (4)
 p - a wand of charming (7)
 I - a wand of iceblast (5)
 L - a wand of mindburst (9)
 R - a wand of polymorph (14)
Scrolls
 i - 4 scrolls of vulnerability
 j - 3 scrolls of blinking
 k - 2 scrolls of fear
 m - a scroll of magic mapping
 y - 4 scrolls of fog
 B - 2 scrolls of summoning
 N - 6 scrolls of teleportation
 V - 2 scrolls of torment
 W - 3 scrolls of immolation
Potions
 e - a potion of might
 f - 6 potions of haste
 w - a potion of curing
 A - a potion of mutation
 D - a potion of degeneration {unknown}
 K - 7 potions of ambrosia
 P - 2 potions of berserk rage
 U - 5 potions of attraction
Miscellaneous
 u - a phantom mirror (inert)


   Skills:
 + Level 8.9 Fighting
 - Level 10.0(10.7) Polearms
 - Level 6.2(9.0) Staves
 + Level 6.9 Throwing
 - Level 6.2 Armour
 - Level 10.3 Dodging
 - Level 1.7 Stealth
 - Level 7.9 Spellcasting
 - Level 10.7 Conjurations
 - Level 7.9 Transmutations
 - Level 6.8 Ice Magic
 + Level 9.9 Earth Magic


You couldn't memorise any spells.
You knew the following spells:

 Your Spells              Type           Power      Damage    Failure   Level
a - Stone Arrow           Conj/Erth      100%       3d13      1%          3
b - Petrify               Tmut/Erth      56%        N/A       6%          4
c - Sublimation of Blood  Necr           10%        N/A       34%         2
d - Frozen Ramparts       Ice            94%        1d11      4%          3
e - Iskenderun's Mystic   Conj/Tloc      39%        2d9       26%         4
f - Passwall              Tmut/Erth      46%        N/A       1%          2
g - Lee's Rapid Deconstr  Erth           29%        3d16*     11%         5
h - Iron Shot             Conj/Erth      30%        9d6       45%         6

Your spell library contained the following spells:

 Spells                   Type           Power      Damage    Failure   Level
 Sandblast                Erth           100%       2d20      1%          1
 Wereblood                Tmut           52%        N/A       1%          2
 Ensorcelled Hibernation  Hex/Ice        58%        N/A       9%          2
 Ice Form                 Ice/Tmut       50%        N/A       11%         4
 Spider Form              Tmut/Pois      32%        N/A       14%         3
 Animate Skeleton         Necr           20%        N/A       24%         1
 Apportation              Tloc           20%        N/A       24%         1
 Pain                     Necr           40%        1d6       24%         1
 Summon Ice Beast         Ice/Summ       29%        N/A       50%         4
 Swiftness                Air            10%        N/A       56%         3
 Vampiric Draining        Necr           10%        2d6       56%         3
 Alistair's Intoxication  Tmut/Pois      21%        N/A       77%         5
 Anguish                  Hex/Necr       5%         N/A       93%         4
 Passage of Golubria      Tloc           10%        N/A       93%         4
 Silence                  Hex/Air        5%         N/A       100%        5
 Summon Hydra             Summ           5%         N/A       100%        7
 Lehudib's Crystal Spear  Conj/Erth      30%        10d8      100%        8


Dungeon Overview and Level Annotations

Branches:
Dungeon (15/15)            Temple (0/1) D:5            Lair (6/6) D:10
  Swamp (0/4) Lair:4       Spider (0/4) Lair:2        Slime (0/5) Lair:6
    Orc (2/2) D:10            Elf (0/3) Orc:2        Vaults (0/5) D:14
  IceCv (visited)
 Depths: D:15

Altars:
Elyvilon
Gozag
Kikubaaqudgha
Makhleb
Vehumet
The Shining One
Beogh
Jiyva

Shops:
D:6 (   D:9 *=   D:11 **:   D:15 (   Orc:2 [?((:

Annotations:
D:3 2 transporters, Cecur's ghost, amateur SpWr
D:12 Rupert
D:14 3 runed translucent doors, Pocvaraige's ghost, journeyman TrMo
Lair:4 1 runed translucent door, Daelid's ghost, journeyman MfGl
Lair:5 exclusions: downstairs and oklob plant


Innate Abilities, Weirdness & Mutations

You have hooves in place of feet.
You are partially covered in large bone plates. (SH +4)
You sometimes emit foul miasma when damaged in melee.
You are mostly covered in sharp spines.


Message History

Confirm with . or Enter, or press ? or * to list all spells.
Aiming: Stone Arrow (safe; 1% risk of failure)
Press: ? - help, Shift-Dir - straight line, f - stone giant
Aim: a stone giant, quivering large rocks (100% to hit)
The stone arrow hits the stone giant!
The stone giant is lightly wounded.
The stone giant hits you!!
Casting: Stone Arrow (safe; 1% risk of failure)
Confirm with . or Enter, or press ? or * to list all spells.
Aiming: Stone Arrow (safe; 1% risk of failure)
Press: ? - help, Shift-Dir - straight line, f/p - stone giant
Aim: a stone giant, quivering large rocks (lightly wounded, 100% to hit)
The stone arrow hits the stone giant!
The stone giant is moderately wounded.
The stone giant is struck by your spines.
The stone giant completely misses you.
Casting: Stone Arrow (safe; 1% risk of failure)
Confirm with . or Enter, or press ? or * to list all spells.
Aiming: Stone Arrow (safe; 1% risk of failure)
Press: ? - help, Shift-Dir - straight line, f/p - stone giant
Aim: a stone giant, quivering large rocks (moderately wounded, 100% to hit)
The stone arrow hits the stone giant!
The stone giant is heavily wounded.
The stone giant is struck by your spines.
The stone giant hits you!!
* * * LOW HITPOINT WARNING * * *
You emit a cloud of foul miasma!
Casting: Stone Arrow (safe; 1% risk of failure)
Confirm with . or Enter, or press ? or * to list all spells.
Aiming: Stone Arrow (safe; 1% risk of failure)
Press: ? - help, Shift-Dir - straight line, f/p - stone giant
Aim: a stone giant, quivering large rocks (foul pestilence, severely wounded, 100% to hit)
The stone arrow hits the stone giant!
The stone giant is severely wounded.
The stone giant is engulfed in dark miasma.
The stone giant is poisoned.
The stone giant is struck by your spines.
The stone giant hits you!!
You die...
Your body crumbles into a pile of gold.

§≈#≈...##+##...+
..§§≈....≈≈§§..# ##### #
.≈≈§§§..≈≈§≈...#
...#≈§§≈§#...#.#
!...≈≈#§§......#
..≈.≈§≈....... .
?......#'##..##.+ .
#C#..#...#.....# #
#.@..'...#.....#
##...#...'.##..# #...#
#.....#+## #...#
#......... ########...#
#.#..#....
#..........#####....#..#.
+.....#.........###......
#.....#......##.# ######.
#.#...#......##.+ #.


You could see a stone giant (poisoned).

Vanquished Creatures
  Kirke (Lair:6)
  An orc warlord (Orc:1)
  2 very ugly things (IceCv)
  Snorg (Lair:5)
  A fire dragon (Lair:6)
  Harold (D:7)
  3 boulder beetles
  2 ogre magi
  Erolcha (Orc:2)
  3 centaur warriors
  Erica (Orc:1)
  13 hydras
  4 two-headed ogres
  A catoblepas (D:14)
  8 death yaks
  An orc high priest (Orc:1)
  Sonja (D:12)
  7 skeletal warriors
  4 wizards
  2 bog bodies (Lair:4)
  3 lindwurms (Lair:6)
  An oklob plant (Lair:2)
  2 deep elf pyromancers
  2 orange crystal statues (IceCv)
  A deep elf zephyrmancer (D:10)
  An orc knight (Orc:1)
  13 orc sorcerers
  Pikel (D:5)
  4 manticores
  10 ugly things
  9 cyclopes
  14 elephants
  Joseph (D:7)
  Maurice (D:10)
  5 black mambas
  15 cane toads
  6 torpor snails (Lair:6)
  2 gargoyles
  5 freezing wraiths
  2 rime drakes
  An unseen horror (D:11)
  9 komodo dragons
  2 kobold demonologists (D:10)
  A polar bear (Lair:1)
  2 golden dragon simulacra (IceCv)
  3 meliai (D:14)
  A tengu conjurer (D:14)
  4 trolls
  3 anaconda simulacra (IceCv)
  3 tyrant leeches (Lair:6)
  15 blink frogs
  Prince Ribbit (D:6)
  4 slime creatures (D:14)
  8 hornets (Lair:6)
  2 wolf spider simulacra (D:14)
  Sigmund (D:2)
  A jumping spider (Lair:2)
  3 centaur simulacra (D:14)
  2 shadows
  30 yaks
  A water elemental (D:14)
  A wraith (D:11)
  3 wyverns
  10 basilisks
  Eustachio (D:4)
  A steam dragon (D:8)
  5 wargs
  2 harpy simulacra (IceCv)
  2 swamp worms (Lair:4)
  9 vampire mosquitoes
  3 hydra simulacra (IceCv)
  An acid dragon (D:11)
  18 water moccasins
  26 orc warriors
  3 ice beasts
  3 black bears
  2 alligator simulacra (IceCv)
  A necrophage (D:5)
  5 centaurs
  2 ettin simulacra (IceCv)
  10 ogres
  35 wolves
  3 kobold brigands
  14 bullfrogs
  2 scorpions (D:10)
  A water moccasin zombie (D:5)
  2 lindwurm simulacra (IceCv)
  5 killer bees (D:8)
  10 wights
  A howler monkey (D:6)
  4 electric eels
  A bullfrog zombie (D:5)
  6 jellies
  2 centaur zombies
  6 hounds
  11 orc priests
  Crazy Yiuf (D:4)
  2 bullfrog skeletons
  2 centaur skeletons
  2 gnoll shamans (D:8)
  An iguana (D:6)
  31 orc wizards
  Natasha (thrice) (D:4)
  A hound zombie (D:5)
  A howler monkey zombie (D:9)
  14 gnolls
  7 adders
  A shadow imp (D:6)
  10 white imps
  An ufetubus (D:5)
  An adder skeleton (D:4)
  3 worms
  2 dart slugs
  65 orcs
  4 endoplasms
  2 giant cockroaches
  9 goblins
  10 hobgoblins
  9 jackals
  18 kobolds
  11 ball pythons
  11 bats
  4 frilled lizards
  5 rats
695 creatures vanquished.

Vanquished Creatures (others)
  2 dancing weapons (D:14)
  An orc priest (Orc:2)
  2 orc wizards (Orc:2)
  4 bushes (Lair:6)
  90 fungi
  111 plants
210 creatures vanquished.

Grand Total: 905 creatures vanquished

Notes
Turn   | Place    | Note
-------+----------+-------------------------------------------
     0 | D:1      | dolemite99 the Demonspawn Earth Elementalist began the
                  | quest for the Orb.
     0 | D:1      | Reached XP level 1. HP: 13/13 MP: 3/3
    30 | D:1      | Reached skill level 1 in Transmutations
   483 | D:1      | Gained mutation: You have large cloven feet. [demonic
                  | ancestry]
   483 | D:1      | Reached XP level 2. HP: 19/19 MP: 3/5
  1502 | D:2      | Noticed Sigmund
  1983 | D:1      | Gained mutation: You may rarely emit foul miasma when
                  | damaged in melee. [demonic ancestry]
  1983 | D:1      | Reached XP level 3. HP: 19/24 MP: 6/6
  2654 | D:1      | Found a faded altar of an unknown god.
  2664 | D:1      | Prayed at the altar of an unknown god.
  2664 | D:1      | Became a worshipper of Gozag Ym Sagoz the Greedy
  3359 | D:3      | Learned a level 3 spell: Stone Arrow
  3560 | D:2      | Reached XP level 4. HP: 20/30 MP: 7/7
  3746 | D:3      | Noticed Cecur's ghost (amateur SpWr)
  3750 | D:3      | Found a transporter.
  3938 | D:3      | Found a transporter.
  4470 | D:4      | Reached skill level 1 in Conjurations
  4475 | D:4      | Gained mutation: You have hoof-like feet. [demonic
                  | ancestry]
  4475 | D:4      | Reached XP level 5. HP: 32/35 MP: 0/8
  5813 | D:4      | Noticed an ogre
  5828 | D:4      | Killed an ogre
  6093 | D:4      | Reached XP level 6. HP: 41/41 MP: 5/9
  6620 | D:4      | Reached skill level 5 in Conjurations
  6848 | D:4      | Noticed Natasha
  6851 | D:4      | Killed Natasha
  6948 | D:4      | Noticed Eustachio
  6965 | D:5      | Entered Level 5 of the Dungeon
  7382 | D:5      | Reached XP level 7. HP: 43/46 MP: 0/10
  8573 | D:5      | Found a staircase to the Ecumenical Temple.
  8996 | D:6      | Noticed Pikel
  9059 | D:5      | Killed Pikel
  9060 | D:5      | Gained mutation: You are partially covered in sharp spines.
                  | [demonic ancestry]
  9060 | D:5      | Reached XP level 8. HP: 21/52 MP: 4/17
  9631 | D:6      | Noticed Prince Ribbit
  9639 | D:6      | Killed Prince Ribbit
 10555 | D:6      | Found Hitwaunn's Antique Weapon Shop.
 10567 | D:6      | Bought a steaming spear for 168 gold pieces
 10567 | D:6      | Identified the +5 spear "Ukhlemag" {spect, Fly rElec Str+3}
                  | (You bought it in a shop on level 6 of the Dungeon)
 10933 | D:6      | Reached skill level 1 in Polearms
 11338 | D:7      | Reached XP level 9. HP: 18/57 MP: 15/20
 12027 | D:7      | Identified the +5 ring mail "Wyappio" {*Corrode rPois Int+9
                  | Dex+4}
 12807 | D:7      | Identified a scroll of acquirement
 12807 | D:7      | Acquired a +6 ring of intelligence
 12836 | D:7      | Reached skill level 5 in Polearms
 12996 | D:7      | Noticed Joseph
 13006 | D:7      | Killed Joseph
 13320 | D:7      | Noticed Harold
 13331 | D:7      | Killed Harold
 13757 | D:7      | Found a runed translucent door.
 13758 | D:7      | Noticed Crazy Yiuf
 13796 | D:4      | Killed Crazy Yiuf
 14095 | D:4      | Noticed Natasha
 14100 | D:4      | Killed Natasha
 14137 | D:4      | Killed Eustachio
 14174 | D:4      | Noticed Natasha
 14177 | D:4      | Killed Natasha
 14577 | D:4      | Gained mutation: You are partially covered in large bone
                  | plates. (SH +4) [demonic ancestry]
 14577 | D:4      | Reached XP level 10. HP: 77/77 MP: 19/21
 15704 | D:8      | Learned a level 2 spell: Passwall
 15709 | D:8      | Learned a level 4 spell: Petrify
 16311 | D:8      | Learned a level 4 spell: Petrify
 16759 | D:9      | Found Cimuxkidd's General Store.
 16792 | D:9      | Noticed a two-headed ogre
 16806 | D:9      | Killed a two-headed ogre
 16807 | D:9      | Reached skill level 5 in Dodging
 16914 | D:9      | Bought a scroll of identify for 30 gold pieces
 16914 | D:9      | Bought a potion of berserk rage for 75 gold pieces
 16914 | D:9      | Bought a wand of flame (11) for 97 gold pieces
 16914 | D:9      | Bought a wand of polymorph (4) for 90 gold pieces
 16914 | D:9      | Bought 18 stones for 27 gold pieces
 17589 | D:9      | Found Esulydo's Jewellery Emporium.
 17595 | D:9      | Bought a ring of resist corrosion for 300 gold pieces
 17646 | D:9      | Noticed a boulder beetle
 17665 | D:9      | Killed a boulder beetle
 18144 | D:9      | Noticed Maurice
 18166 | D:10     | Entered Level 10 of the Dungeon
 18166 | D:10     | Found a staircase to the Orcish Mines.
 18553 | D:10     | Killed Maurice
 19395 | D:10     | Found a staircase to the Lair.
 19421 | D:10     | Noticed a wizard
 19421 | D:10     | Noticed a wizard
 19428 | D:10     | Killed a wizard
 19429 | D:10     | Reached XP level 11. HP: 79/83 MP: 12/22
 19431 | D:10     | Killed a wizard
 19432 | D:10     | Noticed a wizard
 19438 | D:10     | Noticed a deep elf zephyrmancer
 19440 | D:10     | Killed a wizard
 19445 | D:10     | Killed a deep elf zephyrmancer
 19674 | D:10     | Got Lehudib's Tome of Plaster Cramp
 19681 | D:10     | Got the Handbook of Dhcmrlchtdj
 19692 | D:10     | Identified the +4 spear "Nakyrphell" {drain, Str+3 Int-4
                  | Dex+4}
 19940 | D:10     | Reached skill level 10 in Dodging
 20466 | D:10     | Got the Compendium of Sand
 20583 | D:10     | Upgraded the game from 0.29-a0-82-g837932c90e to
                  | 0.29-a0-88-g03a7b78be7
 20583 | D:10     | Upgraded the game from 0.29-a0-88-g03a7b78be7 to
                  | 0.29-a0-91-gdebf4667c2
 20583 | D:10     | Upgraded the game from 0.29-a0-91-gdebf4667c2 to
                  | 0.29-a0-187-ga23d9638d5
 20630 | Lair:1   | Entered Level 1 of the Lair of Beasts
 20635 | Lair:1   | Found a burning altar of Makhleb.
 20678 | Lair:1   | Reached skill level 1 in Armour
 21093 | Lair:1   | Learned a level 4 spell: Iskenderun's Mystic Blast
 21214 | Lair:1   | Reached skill level 5 in Earth Magic
 21502 | Lair:1   | Noticed a seven-headed hydra
 21510 | Lair:1   | Killed a seven-headed hydra
 22025 | D:11     | Found Xunim's Book Shoppe.
 22098 | D:11     | Found Putiuxia's Assorted Antiques.
 22455 | D:11     | Noticed a skeletal warrior
 22470 | D:11     | Killed a skeletal warrior
 22471 | D:11     | Reached XP level 12. HP: 85/91 MP: 5/23
 22854 | D:11     | Found Cawniex's General Store.
 22861 | D:11     | Bought a scroll of blinking for 112 gold pieces
 22861 | D:11     | Bought a scroll of teleportation for 45 gold pieces
 22862 | D:11     | Noticed a boulder beetle
 22877 | D:11     | Killed a boulder beetle
 24913 | Lair:2   | Found a hole to the Spider Nest.
 25867 | Lair:2   | Reached skill level 5 in Transmutations
 26419 | Lair:3   | Noticed a six-headed hydra
 26437 | Lair:3   | Killed a six-headed hydra
 26924 | Lair:3   | Reached skill level 10 in Conjurations
 26956 | Lair:3   | Gained mutation: You have hooves in place of feet. [demonic
                  | ancestry]
 26956 | Lair:3   | Reached XP level 13. HP: 71/96 MP: 2/24
 27897 | Lair:4   | Found a runed translucent door.
 27899 | Lair:4   | Noticed Daelid's ghost (journeyman MfGl)
 29425 | Lair:4   | Found a staircase to the Swamp.
 30396 | Lair:5   | Noticed Snorg
 30411 | Lair:5   | Killed Snorg
 31224 | Lair:6   | Entered Level 6 of the Lair of Beasts
 31224 | Lair:6   | Noticed Kirke
 31241 | Lair:6   | Found a viscous altar of Jiyva.
 31248 | Lair:6   | Found a staircase to the Slime Pits.
 32062 | Lair:6   | Reached skill level 10 in Polearms
 32231 | Lair:5   | Learned a level 5 spell: Lee's Rapid Deconstruction
 32254 | Lair:6   | Gained mutation: You are mostly covered in sharp spines.
                  | [demonic ancestry]
 32254 | Lair:6   | Reached XP level 14. HP: 98/104 MP: 22/25
 32256 | Lair:6   | Reached skill level 1 in Staves
 32971 | Lair:6   | Found a runed translucent door.
 33180 | Lair:6   | Learned a level 1 spell: Sandblast
 33217 | Lair:6   | Reached skill level 5 in Staves
 33832 | Lair:6   | Paralysed by a hornet for 3 turns
 34444 | Lair:5   | Reached skill level 5 in Armour
 35572 | Lair:6   | Killed Kirke
 36008 | Orc:1    | Entered Level 1 of the Orcish Mines
 36015 | D:10     | Learned a level 3 spell: Frozen Ramparts
 36678 | Orc:1    | Reached skill level 1 in Ice Magic
 37028 | Orc:1    | Noticed Erica
 37033 | Orc:1    | Killed Erica
 37999 | Orc:2    | Entered Level 2 of the Orcish Mines
 38000 | Orc:2    | Found a staircase to the Elven Halls.
 38001 | Orc:2    | Noticed an orc warlord
 39173 | Orc:1    | Killed an orc warlord
 39174 | Orc:1    | Reached skill level 5 in Ice Magic
 40588 | Orc:2    | Found Woan's Antique Armour Boutique.
 41293 | Orc:2    | Found Kiwaeqym's Magic Scroll Emporium.
 41296 | Orc:2    | Paralysed by an orc sorcerer for 3 turns
 41485 | Orc:2    | Bought 2 scrolls of blinking for 195 gold pieces
 41501 | Orc:2    | Found an ancient bone altar of Kikubaaqudgha.
 41583 | Orc:2    | Noticed Erolcha
 41609 | Orc:2    | Killed Erolcha
 41930 | Orc:2    | Found Dierelou's Book Emporium.
 41930 | Orc:2    | Found Ocvipis's Antique Weapon Shoppe.
 42136 | Orc:2    | Gained mutation: You sometimes emit foul miasma when
                  | damaged in melee. [demonic ancestry]
 42136 | Orc:2    | Reached XP level 15. HP: 62/98 MP: 15/26
 42280 | Orc:2    | Found a radiant altar of Vehumet.
 42418 | Orc:2    | Found Cecad's Antique Weapon Shoppe.
 42954 | Orc:2    | Bought a pair of runed gloves for 187 gold pieces
 43655 | Orc:2    | Bought a runed scale mail for 175 gold pieces
 43713 | Orc:2    | Bought a scroll of fear for 45 gold pieces
 43713 | Orc:2    | Bought a scroll of fog for 26 gold pieces
 43713 | Orc:2    | Bought a scroll of magic mapping for 45 gold pieces
 44012 | D:2      | Killed Sigmund
 44768 | D:11     | Reached skill level 1 in Throwing
 46064 | D:12     | Noticed Sonja
 46072 | D:12     | Killed Sonja
 46519 | D:12     | Noticed Rupert
 48865 | D:14     | Found a gate to the Vaults.
 48870 | D:14     | Found a frozen archway.
 48878 | IceCv    | Entered an ice cave
 48893 | IceCv    | Reached skill level 5 in Throwing
 50023 | D:14     | Found a runed translucent gate.
 50023 | D:14     | Noticed Pocvaraige's ghost (journeyman TrMo)
 50024 | D:14     | Found a runed translucent gate.
 50024 | D:14     | Found a runed translucent gate.
 50024 | D:14     | Noticed a frost giant
 51497 | D:15     | Entered Level 15 of the Dungeon
 51550 | D:15     | Found Fuxitext's Firing Range.
 51589 | D:15     | Learned a level 2 spell: Sublimation of Blood
 51596 | D:15     | Learned a level 6 spell: Iron Shot
 51603 | D:15     | Bought 3 javelins for 40 gold pieces
 51603 | D:15     | Bought 2 boomerangs for 17 gold pieces
 52121 | D:15     | Identified the +4 flail of the Tundras {freeze, rPois Int+6
                  | Dex-4 Stlth-}
 52948 | D:15     | Annihilated by a stone giant

Illustrated notes

Levels and vault maps discovered:
D:1:      amcnicky_arrival_underground_garden, layout_basic,
          ebering_ecumenical_altar_mist, nicolae_concentric_dashed_squares_mild,
          minmay_quantized
D:2:      layout_rooms, uniq_sigmund
D:3:      layout_basic, gammafunk_ghost_arena, cheibrodos_sewer_entry_bend
D:4:      layout_basic, uniq_eustachio, uniq_natasha
D:5:      layout_basic, minmay_temple_entry_poolview, minmay_misc_feat_square,
          chequers_garden
D:6:      layout_gridville, serial_shops, kennysheep_mini_moat, st_stairs_10,
          kennysheep_generic_room_6, uniq_pikel, uniq_prince_ribbit1
D:7:      layout_loops_ring, uniq_crazy_yiuf_cottage, uniq_joseph, uniq_harold
D:8:      layout_loops_corners, mainiacjoe_overflow_small_starburst
D:9:      layout_cave_pods, serial_shops, nicolae_stop_n_shop_2,
          kennysheep_little_box, uniq_maurice
D:10:     layout_irregular_city, due_lair_maze_entry_diamond, orc_david_3,
          st_stairs_14, bh_hangedman_babel_library
D:11:     layout_loops_ring, serial_shops, nicolae_take_the_stairs,
          nicolae_shop_temple_entry_statues_fountains, shop, elyvilon_altar_4
D:12:     layout_roguey, uniq_fannar, uniq_sonja, uniq_rupert
D:13:     layout_cave_pools
D:14:     layout_long_grid, erik_vaults_1, infiniplex_staircase_spiral,
          gammafunk_ghost_split, serial_ice, serial_ice_l, serial_ice_n,
          serial_ice_o, serial_ice_e, serial_ice_f, serial_ice_g, serial_ice_c,
          serial_ice_b, portal_ice_cave_entry_pillars_1
D:15:     grunt_enter_depths_giant_problem, layout_stronghold, nrook_uturn,
          nicolae_shop_firing_range, uniq_louise
Lair:1:   layout_long_grid, basic_altar, nicolae_quartered_pool_super
Lair:2:   layout_gridlike, spider_nest_entry_rubble, grunt_megastairs_4
Lair:3:   layout_loops_ring, nicolae_volcano_entry_two_sided,
          beast_lair_carwin_3, infiniplex_staircase_pool_2
Lair:4:   layout_roguey, nicolae_swamp_entry_splash_gauntlet,
          ebering_ghost_inner_flame, chequers_serial_rivers_room_b
Lair:5:   layout_regular_city, kennysheep_basilisk_garden, uniq_snorg
Lair:6:   wormcave, layout_misc_corridors, slime_altar_1, serial_bayou_shore_b,
          uniq_kirke
Orc:1:    nicolae_orc_accident_1, layout_diamond_mine, uniq_erica
Orc:2:    kennysheep_orc_mage_school, layout_diamond_mine, serial_shops,
          shop_statue, basic_altar

Skill      XL: |  1  2  3  4  5  6  7  8  9 10 11 12 13 14 15 |
---------------+----------------------------------------------+-----
Transmutations | 1 2 5 7 |  7.9
Earth Magic    | 3 4 6 8 9 |  9.9
Conjurations   | 2 4 5 7 10 | 10.7
Spellcasting   | 6 7 |  7.9
Polearms       | 2 5 10 | 10.0
Fighting       | 6 7 8 |  8.9
Dodging        | 8 10 | 10.3
Armour         | 3 6 |  6.2
Staves         | 6 |  6.2
Ice Magic      | 6 |  6.8
Throwing       | 6 |  6.9
Stealth        | |  1.7

Action                   |  1- 3 |  4- 6 |  7- 9 | 10-12 | 13-15 || total
-------------------------+-------+-------+-------+-------+-------++-------
Melee: Dagger            |   134 |    24 |    15 |       |       ||   173
       Kick              |    42 |     5 |    16 |       |   123 ||   186
       Punch             |     2 |       |     1 |     3 |     7 ||    13
       Spear             |       |       |    22 |    88 |   314 ||   424
       Whip              |       |       |    10 |       |       ||    10
       Lajatang          |       |       |       |       |     1 ||     1
Throw: Dart              |    18 |     6 |    13 |    53 |    53 ||   143
       Stone             |       |     1 |       |     8 |    29 ||    38
       Javelin           |       |     1 |    13 |       |       ||    14
       Throwing net      |       |       |       |       |     2 ||     2
       Boomerang         |       |       |       |       |    33 ||    33
 Cast: Sandblast         |    30 |    40 |    86 |   197 |   117 ||   470
       Stone Arrow       |       |    15 |    51 |   169 |   586 ||   821
       Petrify           |       |       |       |     5 |     3 ||     8
       Frozen Ramparts   |       |       |       |       |     5 ||     5
       Lee's Rapid Decon |       |       |       |       |    17 ||    17
Invok: Potion Petition   |       |       |     2 |       |     5 ||     7
       Bribe Branch      |       |       |       |       |     1 ||     1
Evoke: Wand              |       |       |     2 |    17 |    22 ||    41
       Phantom mirror    |       |       |       |       |     1 ||     1
  Use: Scroll            |     2 |     1 |    10 |    11 |    16 ||    40
       Potion            |       |       |     3 |     1 |    10 ||    14
 Stab: Petrified         |       |       |       |     2 |       ||     2
       Petrifying        |       |       |       |     2 |       ||     2
       Invisible         |       |       |       |       |     4 ||     4
       Distracted        |       |       |       |       |     4 ||     4
       Paralysed         |       |       |       |       |     4 ||     4
Armor: Robe              |    74 |    10 |    11 |       |       ||    95
       Leather armour    |       |       |     6 |       |       ||     6
       Ring mail         |       |       |       |   116 |   162 ||   278
       Scale mail        |       |       |       |       |    83 ||    83
Dodge: Dodged            |   136 |    29 |    66 |   184 |   389 ||   804
Block: Other             |       |       |       |    46 |   118 ||   164

Table legend: (Time is in decaauts)
 A = Elapsed time spent in this place.
 B = Non-inter-level travel time spent in this place.
 C = Inter-level travel time spent in this place.
 D = Time resting spent in this place.
 E = Time spent auto-exploring this place.
 F = Levels seen in this place.
 G = Mean time per level.
                   A        B        C        D        E       F      G
               +--------+--------+--------+--------+--------+-----+--------+
         Total |  52993 |  49071 |   3922 |  26289 |  14904 |  24 | 2208.0 |
       Dungeon |  31012 |  28580 |   2432 |  15335 |   8872 |  15 | 2067.5 |
          Lair |  13889 |  13050 |    839 |   5764 |   4925 |   6 | 2314.8 |
  Orcish Mines |   6990 |   6340 |    650 |   4385 |   1056 |   2 | 3495.0 |
      Ice Cave |   1101 |   1101 |      0 |    805 |     51 |   1 | 1101.0 |
               +--------+--------+--------+--------+--------+-----+--------+

Top non-repeatable levels by time:
   Orc:1: 3566 daAuts
   Orc:2: 3423 daAuts
     D:3: 3057 daAuts
  Lair:5: 3012 daAuts
  Lair:6: 2896 daAuts
     D:6: 2791 daAuts
     D:4: 2415 daAuts
     D:7: 2396 daAuts
    D:10: 2352 daAuts
     D:5: 2299 daAuts
     D:1: 2181 daAuts
  Lair:2: 2169 daAuts
     D:9: 2147 daAuts
     D:8: 2108 daAuts
  Lair:4: 2103 daAuts
